[Event "Titled Tuesday Blitz March 28 Late 2023"]
[White "Veiga, Jose Francisco R P Neves"]
[Black "Toniutti, Ezio"]
[WhiteFideId "1930087"]
[BlackFideId "113034"]
[WhiteElo "2320"]
[BlackElo "2215"]
[Result "1-0"]
[Round "08"]
[TimeControl "180+2"]
[Date "2023.03.28"]
[WhiteClock "0:00:12"]
[BlackClock "0:00:02"]

1. d4 d5 2. Nf3 Nf6 3. Bg5 Ne4 4. Bf4 c5 5. c3 Nc6 6. Nbd2 Bf5 7. Nh4 Qd7 8. Nxf5 Qxf5 9. e3 g5 10. g4 Qe6 11. Bg3 Nxd2 12. Qxd2 Qxg4 13. Bg2 e6 14. O-O Be7 15. dxc5 Bxc5 16. b4 Bb6 17. h3 Qf5 18. c4 dxc4 19. Qd6 Rd8 20. Bxc6+ bxc6 21. Qxc6+ Ke7 22. a4 Qd5 23. Qxd5 Rxd5 24. a5 Bd8 25. Rfc1 h5 26. Rxc4 h4 27. Bh2 Kd7 28. Kg2 Rg8 29. e4 Rb5 30. Rd1+ Ke8 31. Rc8 Ke7 32. Bd6+ Kf6 33. Bc5 g4 34. Rdxd8 Rg6 35. hxg4 Rxg4+ 36. Kh3 Rxe4 37. Rd4 Kf5 38. Rxe4 Kxe4 39. Kxh4 f5 40. Rc7 Rb8 41. Rxa7 Kf4 42. Bd6+ 1-0


[Site "https://www.chess.com"]

[Event "Titled Tuesday Blitz March 28 Late 2023"]
[White "Karamsetty, Jeevan"]
[Black "Goltsev, Dmitry"]
[WhiteFideId "2025337"]
[BlackFideId "24176710"]
[WhiteElo "2111"]
[BlackElo "2336"]
[Result "0-1"]
[Round "08"]
[TimeControl "180+2"]
[Date "2023.03.28"]
[WhiteClock "0:00:05"]
[BlackClock "0:00:32"]

1. e4 e6 2. d4 d5 3. exd5 exd5 4. Bd3 Nf6 5. Nf3 c5 6. dxc5 Bxc5 7. O-O O-O 8. Bg5 Bg4 9. Nc3 Nc6 10. Bxf6 Qxf6 11. Nxd5 Qxb2 12. Bxh7+ Kh8 13. Bd3 Rad8 14. c4 Ne5 15. Be2 Ng6 16. h3 Bf5 17. Ng5 f6 18. Bd3 fxg5 19. Qh5+ Kg8 20. Bxf5 Rxf5 21. Qxg6 Rxf2 22. Kh1 Rdf8 23. Rg1 Qe5 24. Rae1 Qf5 25. Ne7+ Bxe7 26. Qxf5 R8xf5 27. Rxe7 Rxa2 28. Rxb7 Rff2 29. Kh2 Rfc2 30. Rc7 a5 31. Kg3 a4 32. Rc5 a3 33. Rxg5 Rab2 34. Ra5 a2 35. Ra1 Rxg2+ 36. Kf4 Rge2 37. Ra7 Rbc2 38. Kf3 Rh2 39. Ke4 Rxc4+ 40. Kd5 Rcc2 41. Rg1 Kh8 42. Rgxg7 a1=Q 43. Rh7+ Kg8 44. Rxa1 Kxh7 45. Ra7+ Kg6 0-1


[Site "https://www.chess.com"]

[Event "Titled Tuesday Blitz March 28 Late 2023"]
[White "a-z30"]
[Black "Florescu, Codrut-Constantin"]
[BlackFideId "1202200"]
[WhiteElo "2505"]
[BlackElo "2191"]
[Result "0-1"]
[Round "08"]
[TimeControl "180+2"]
[Date "2023.03.28"]
[WhiteClock "0:00:16"]
[BlackClock "0:01:06"]

1. d3 d5 2. Nf3 c5 3. g3 Nc6 4. Bg2 e5 5. O-O f6 6. c4 d4 7. e3 Bg4 8. exd4 cxd4 9. Re1 Qd7 10. h3 Be6 11. Qa4 Bd6 12. a3 Nge7 13. h4 O-O 14. b4 a6 15. Nbd2 b5 16. Qc2 Rfc8 17. Bb2 Nf5 18. Rac1 Bf8 19. Ne4 a5 20. bxa5 bxc4 21. dxc4 Nxa5 22. Nfd2 Nxc4 23. Nxc4 Rxc4 24. Qd2 Rac8 25. Rxc4 Rxc4 26. Qa5 Qc7 27. Qa8 Rc2 28. Bc1 Rxc1 0-1


[Site "https://www.chess.com"]

[Event "Titled Tuesday Blitz March 28 Late 2023"]
[White "Thomforde-Toates, Noah"]
[Black "Papayan, Oleg"]
[WhiteFideId "30951992"]
[BlackFideId "4193911"]
[WhiteElo "2660"]
[BlackElo "2153"]
[Result "1-0"]
[Round "08"]
[TimeControl "180+2"]
[Date "2023.03.28"]
[WhiteClock "0:00:16"]
[BlackClock "0:00:03"]

1. e4 d5 2. exd5 Qxd5 3. Qf3 Nf6 4. Nc3 Qxf3 5. Nxf3 Bf5 6. d3 Nc6 7. a3 O-O-O 8. Be3 e5 9. h3 Nd4 10. Bxd4 exd4 11. Nb5 Bc5 12. b4 Bb6 13. a4 a5 14. Kd2 c6 15. Na3 axb4 16. Nc4 Bc5 17. a5 Kc7 18. Ng5 Bg6 19. g4 h6 20. Nf3 Nd5 21. Nfe5 Ra8 22. Bg2 Nf4 23. Bf3 f6 24. Nxg6 Nxg6 25. Rhe1 Rhe8 26. Rxe8 Rxe8 27. a6 b5 28. a7 Ra8 29. Ra6 Ne7 30. Na5 Rxa7 31. Rxa7+ Bxa7 32. Nb3 c5 33. Nc1 Kd6 34. Ne2 Nd5 35. Bxd5 Kxd5 36. Nf4+ Kd6 37. Nh5 g5 38. Nxf6 c4 39. Ng8 b3 40. cxb3 cxb3 41. Nxh6 Kc5 42. Kc1 Kb4 43. Kb2 Bb8 44. Nf5 Bf4 45. Ne7 Bd2 46. Nd5+ Ka4 47. Nb6+ Kb4 48. Nd5+ Ka4 49. Nf6 Bc3+ 50. Kb1 Ka3 51. Ne4 Kb4 52. Nxg5 Be1 53. Ne4 Bxf2 54. Nxf2 Kc3 55. g5 Kd2 56. g6 Ke3 57. g7 1-0


[Site "https://www.chess.com"]

[Event "Titled Tuesday Blitz March 28 Late 2023"]
[White "Olsson, William"]
[Black "Domingo Nunez, Alejandro"]
[WhiteFideId "1741721"]
[BlackFideId "22245561"]
[WhiteElo "2197"]
[BlackElo "2230"]
[Result "0-1"]
[Round "08"]
[TimeControl "180+2"]
[Date "2023.03.28"]
[WhiteClock "0:00:06"]
[BlackClock "0:00:05"]

1. c4 g6 2. g3 Bg7 3. Bg2 c5 4. Nc3 Nc6 5. a3 d6 6. Rb1 e6 7. b4 Nge7 8. Nf3 O-O 9. O-O b6 10. b5 Na5 11. Qa4 Bb7 12. Bb2 d5 13. d3 d4 14. Ne4 f5 15. Ned2 e5 16. Qc2 h6 17. Rbd1 Qd7 18. e3 g5 19. exd4 exd4 20. Rfe1 Ng6 21. Bc1 g4 22. Nh4 Nxh4 23. gxh4 Qd8 24. f3 Qxh4 25. Rf1 Rae8 26. Rf2 Be5 27. Nf1 Kh7 28. f4 Bg7 29. Ng3 Bxg2 30. Rxg2 Nb7 31. Re2 Nd6 32. Rde1 Qd8 33. Re6 Rxe6 34. Rxe6 Re8 35. Qe2 Rxe6 36. Qxe6 Qf6 37. Qd5 Kg6 38. Bd2 h5 39. a4 h4 40. Nf1 Qe7 41. Qg2 Kh5 42. h3 Bh6 43. Nh2 Qe6 44. a5 Qg6 45. hxg4+ fxg4 46. axb6 axb6 47. Qd5+ Nf5 48. Kg2 h3+ 49. Kg1 g3 50. Qf3+ Kh4 51. Be1 Qh5 52. Bxg3+ Nxg3 53. Qf2 Qd1+ 54. Nf1 Qxf1+ 55. Qxf1 Nxf1 56. Kxf1 Bxf4 57. Kg1 Kg4 58. Kh1 Kf3 0-1


[Site "https://www.chess.com"]

[Event "Titled Tuesday Blitz March 28 Late 2023"]
[White "Cuenca Jimenez, Jose Fernando"]
[Black "Miszler, Levente"]
[WhiteFideId "2255570"]
[BlackFideId "763276"]
[WhiteElo "2429"]
[BlackElo "2176"]
[Result "1-0"]
[Round "08"]
[TimeControl "180+2"]
[Date "2023.03.28"]
[WhiteClock "0:00:07"]
[BlackClock "0:00:06"]

1. c4 e5 2. Nc3 Nc6 3. Nf3 g6 4. d4 exd4 5. Nxd4 Bg7 6. Nxc6 bxc6 7. e4 Ne7 8. Be3 O-O 9. Bd4 d6 10. Bxg7 Kxg7 11. Qd4+ f6 12. c5 dxc5 13. Qxc5 Qd6 14. Qe3 Be6 15. Be2 Qb4 16. b3 Rfd8 17. O-O Rd7 18. Na4 Qd2 19. Qf3 Qg5 20. Rac1 Rd2 21. Nc5 Bf7 22. a4 Rad8 23. g3 Qe5 24. Rfe1 Qb2 25. Qe3 Rc2 26. Rxc2 Qxc2 27. Rc1 Qb2 28. Bf1 Rd2 29. Nd3 Qa2 30. Nb4 Qb2 31. Nd3 Qa2 32. Re1 Bxb3 33. e5 f5 34. e6 Bc4 35. Qe5+ Kg8 36. Qf6 Bxd3 37. Qf7+ Kh8 38. Qxe7 Qa3 39. Qxa3 1-0


[Site "https://www.chess.com"]

[Event "Titled Tuesday Blitz March 28 Late 2023"]
[White "Urbina Perez, Juan Antonio"]
[Black "Popov, Mikhail"]
[WhiteFideId "2217368"]
[BlackFideId "4146182"]
[WhiteElo "2197"]
[BlackElo "2270"]
[Result "0-1"]
[Round "08"]
[TimeControl "180+2"]
[Date "2023.03.28"]
[WhiteClock "0:00:14"]
[BlackClock "0:00:07"]

1. c4 Nf6 2. g3 c6 3. Bg2 d5 4. Qc2 g6 5. Nf3 Bg7 6. O-O O-O 7. cxd5 cxd5 8. d3 Nc6 9. a3 Bg4 10. Qa4 Qd7 11. Qd1 e5 12. Nc3 Rad8 13. Ng5 h6 14. h3 hxg5 15. hxg4 Qxg4 16. Bf3 Qf5 17. Qd2 Nd4 18. Bg2 Nb3 19. Qc2 Nxa1 20. Qa4 Qd7 21. Qd1 d4 22. Ne4 Nxe4 23. Bxe4 Rc8 24. Bxg5 Nc2 25. Qd2 f6 26. Bh6 Bxh6 27. Qxh6 Qg7 28. Bd5+ Rf7 29. Qd2 Kf8 30. Rc1 Rfc7 31. Be6 Re8 32. Bb3 g5 33. Rxc2 Rec8 34. Rc4 Rxc4 35. Bxc4 Qe7 36. Qa5 b6 37. Qd5 Kg7 38. Qe4 Qd7 39. Kg2 Rh8 40. g4 Rc8 41. Ba6 Rh8 42. Bc4 Rh4 43. f3 Rh8 44. Bd5 Rc8 45. Bc4 Qc6 46. Qf5 Rc7 47. a4 Qxa4 48. Qe6 Qd7 49. Qg8+ Kh6 50. Qh8+ Kg6 51. Qg8+ Qg7 52. Qe8+ Kh7 53. Qh5+ Qh6 54. Qe8 Qg6 55. Qd8 Qg7 56. Bd5 Qe7 57. Be4+ Kg7 58. Qb8 Qd7 59. Bf5 Qe7 60. Qa8 a5 61. Qd5 a4 62. Qb5 Ra7 63. Qxb6 a3 64. bxa3 Qxa3 65. Qd8 Qe7 66. Qd5 Qb7 67. Qe6 Qc7 68. Be4 Rb7 69. Qf5 Kf8 70. Qxf6+ Qf7 71. Qd6+ Qe7 72. Qh6+ Qg7 73. Qd6+ Re7 74. Qd8+ Kf7 75. Bd5+ Kg6 76. Be4+ Kf7 77. Qd5+ Kf8 78. Bf5 Qf7 79. Qd8+ Kg7 80. Qd5 Qxd5 81. Be4 Qc5 82. f4 Ra7 83. f5 Kf6 0-1


[Site "https://www.chess.com"]

[Event "Titled Tuesday Blitz March 28 Late 2023"]
[White "Silva, Pedro Gil Ferreira Da"]
[Black "Sai Krishna G V"]
[WhiteFideId "1946102"]
[BlackFideId "5028280"]
[WhiteElo "2255"]
[BlackElo "2359"]
[Result "1/2-1/2"]
[Round "08"]
[TimeControl "180+2"]
[Date "2023.03.28"]
[WhiteClock "0:01:20"]
[BlackClock "0:00:15"]

1. c4 e5 2. Nc3 Nc6 3. Nf3 Nf6 4. e4 Bc5 5. Nxe5 Nxe5 6. d4 Bxd4 7. Qxd4 Qe7 8. Bg5 c6 9. Be2 d6 10. O-O O-O 11. Rae1 h6 12. Bh4 Ng6 13. Bxf6 Qxf6 14. Qxf6 gxf6 15. Rd1 Rd8 16. c5 Be6 17. cxd6 Rd7 18. f4 f5 19. e5 f6 20. Bh5 Nf8 21. Rd3 Rad8 22. Rfd1 Bf7 23. Rg3+ Kh7 24. Bxf7 Rxf7 25. Ne2 Rfd7 26. Nd4 Ng6 27. Nxf5 fxe5 28. fxe5 Nxe5 29. Re3 Nf7 30. Kf2 Nxd6 31. Rxd6 Rxd6 32. Re7+ Kg6 33. Nxd6 Rxd6 34. Rxb7 Rd2+ 35. Kf3 a5 36. Rb6 Rc2 37. a4 Kf5 38. h4 h5 39. Ra6 Rc5 40. Ra8 Ke5 41. g4 hxg4+ 42. Kxg4 Rc4+ 43. Kg5 Rxa4 44. h5 Ra1 45. Re8+ Kd4 46. h6 Rg1+ 47. Kf6 Rf1+ 48. Kg7 Rg1+ 49. Kh8 c5 50. h7 Kc4 51. Re7 Kb3 52. Re5 c4 53. Rxa5 Kxb2 54. Rb5+ Ka3 55. Rb7 c3 56. Rg7 Rxg7 57. Kxg7 c2 58. h8=Q c1=Q 59. Qa8+ Kb2 60. Qb7+ Kc2 61. Qc6+ Kd1 62. Qxc1+ Kxc1 1/2-1/2


[Site "https://www.chess.com"]

[Event "Titled Tuesday Blitz March 28 Late 2023"]
[White "Goroshkov, Maksym"]
[Black "Yeritsyan, Hayk"]
[WhiteFideId "14142716"]
[BlackFideId "13307320"]
[WhiteElo "2322"]
[BlackElo "2452"]
[Result "1-0"]
[Round "08"]
[TimeControl "180+2"]
[Date "2023.03.28"]
[WhiteClock "0:01:06"]
[BlackClock "0:00:13"]

1. e4 c6 2. c4 d6 3. Nc3 e5 4. Nf3 Bg4 5. Be2 Nd7 6. d4 Ngf6 7. O-O Be7 8. dxe5 dxe5 9. Be3 Qc7 10. Qc2 O-O 11. Rad1 Bc5 12. Bg5 Bxf3 13. Bxf3 Bd4 14. Ne2 c5 15. Ng3 h6 16. Be3 Rfd8 17. Nf5 Nf8 18. Qc1 Bxe3 19. fxe3 Rxd1 20. Rxd1 Rd8 21. Rd2 Ne6 22. h4 Kf8 23. Ng3 Rxd2 24. Qxd2 Qd8 25. Qc3 Nd7 26. h5 Qh4 27. Nf5 g6 28. Nxh4 1-0


[Site "https://www.chess.com"]

[Event "Titled Tuesday Blitz March 28 Late 2023"]
[White "Bochnicka, Vladimir"]
[Black "Kavutskiy, Konstantin"]
[WhiteFideId "14943450"]
[BlackFideId "2026384"]
[WhiteElo "2094"]
[BlackElo "2369"]
[Result "1-0"]
[Round "08"]
[TimeControl "180+2"]
[Date "2023.03.28"]
[WhiteClock "0:00:22"]
[BlackClock "0:00:35"]

1. e4 c5 2. Nf3 Nc6 3. d4 cxd4 4. Nxd4 Nf6 5. Nc3 e5 6. Ndb5 d6 7. Bg5 a6 8. Na3 b5 9. Nd5 Be7 10. Bxf6 Bxf6 11. c3 Rb8 12. Nc2 Bg5 13. a4 bxa4 14. Ncb4 Nxb4 15. cxb4 O-O 16. Rxa4 a5 17. Be2 axb4 18. O-O b3 19. Bc4 Be6 20. Ra6 Ra8 21. Rxa8 Qxa8 22. Nc7 Qc6 23. Nxe6 fxe6 24. Bxe6+ Kh8 25. Bd5 Qb6 26. Bxb3 Rb8 27. Be6 Qxb2 28. Qxd6 Rd8 29. Qc7 Bf6 30. g3 Qe2 31. Bd5 h6 32. Rb1 Kh7 33. Rb8 Rxb8 34. Qxb8 Kg6 35. Qe8+ Kg5 36. h4+ Kg4 37. Be6+ Kf3 38. Qh5+ 1-0


[Site "https://www.chess.com"]

[Event "Titled Tuesday Blitz March 28 Late 2023"]
[White "Gold_Ocean"]
[Black "Vafin, Ayrat"]
[BlackFideId "4146530"]
[WhiteElo "2615"]
[BlackElo "2317"]
[Result "0-1"]
[Round "08"]
[TimeControl "180+2"]
[Date "2023.03.28"]
[WhiteClock "0:00:17"]
[BlackClock "0:00:13"]

1. d4 d5 2. Nf3 Nf6 3. Bf4 c5 4. e3 Nc6 5. c3 g6 6. h3 Bg7 7. Nbd2 O-O 8. Bd3 Nd7 9. O-O e5 10. dxe5 Ndxe5 11. Be2 Be6 12. Qa4 Qb6 13. Nb3 Bd7 14. Qa3 c4 15. Nbd4 Nxf3+ 16. Bxf3 Nxd4 17. exd4 Bc6 18. Rfe1 Rfe8 19. Bd6 a6 20. Be7 Qc7 21. Re2 Bf8 22. Rae1 Bxe7 23. Rxe7 Rxe7 24. Rxe7 Qf4 25. Re3 Kg7 26. g3 Qf6 27. Qc5 Rd8 28. Kg2 Qd6 29. Qb6 Rd7 30. Re5 Qf6 31. Qc5 Qd6 32. Qa7 Re7 33. Rxe7 Qxe7 34. Qb6 h5 35. Qa7 h4 36. Qb8 hxg3 37. Qxg3 Qe6 38. h4 Kf8 39. Qb8+ Kg7 40. Qc7 Qf6 41. Qg3 Qf5 42. h5 Kh6 43. hxg6 Qxg6 44. Bg4 Qe4+ 45. Kh2 f6 46. Bf3 Qg6 47. Qf4+ Kg7 48. Qc7+ Kh6 49. Qd6 Qg5 50. Qf8+ Qg7 51. Qxg7+ Kxg7 52. Kg3 Kg6 53. Kf4 Kf7 54. Bh5+ Ke7 55. Bg6 Ba4 56. Bf5 Bc6 57. Bh7 Bd7 58. Bg8 Bc6 59. Kf5 Bd7+ 60. Kg6 Bc6 61. f4 b6 62. f5 a5 63. Be6 Bb7 64. Kh5 Bc6 65. Kg4 Bb7 66. Kf3 Bc6 67. Ke3 Bb7 68. b3 cxb3 69. axb3 b5 70. Kd2 Bc6 71. Kc2 Kd6 72. Kb2 Bd7 73. Bxd7 Kxd7 74. c4 dxc4 75. bxc4 bxc4 76. Kc3 Kd6 77. Kxc4 Kc6 78. d5+ Kd6 79. Kd4 a4 80. Kc4 a3 81. Kb3 Kxd5 82. Kxa3 Ke5 83. Kb4 Kxf5 84. Kc3 Kg4 85. Kd2 Kg3 86. Ke1 f5 87. Ke2 f4 88. Kf1 Kf3 89. Kg1 Ke2 90. Kg2 f3+ 91. Kg3 f2 92. Kg4 f1=Q 93. Kg5 Qf3 94. Kg6 Qf4 95. Kg7 Qf5 96. Kh8 Qg5 97. Kh7 Ke3 98. Kh8 Ke4 99. Kh7 Ke5 100. Kh8 Kf6 101. Kh7 Qg7# 0-1


[Site "https://www.chess.com"]

[Event "Titled Tuesday Blitz March 28 Late 2023"]
[White "Srinath, Rao S.V."]
[Black "Dmitrenko, Viktor"]
[WhiteFideId "5028876"]
[BlackFideId "14110270"]
[WhiteElo "2196"]
[BlackElo "2292"]
[Result "1-0"]
[Round "08"]
[TimeControl "180+2"]
[Date "2023.03.28"]
[WhiteClock "0:00:43"]
[BlackClock "0:00:59"]

1. d4 e6 2. Nc3 d5 3. Bf4 Nf6 4. e3 Bb4 5. Ne2 O-O 6. h4 c5 7. h5 cxd4 8. exd4 Ne4 9. Qd3 b6 10. h6 g6 11. O-O-O Ba6 12. Qe3 Bxe2 13. Nxe2 Nc6 14. f3 Nd6 15. Bg5 Qd7 16. Bf6 Nc4 17. Qg5 Be7 18. Nf4 N6a5 19. Bxe7 f6 20. Bxf6 Qf7 21. Nh5 Rac8 22. Bxc4 Nxc4 23. Bg7 Qf5 24. Qxf5 Rxf5 25. Nf6+ Kf7 26. Nxh7 Ne3 27. Rd2 Nc4 28. Re2 1-0


[Site "https://www.chess.com"]

[Event "Titled Tuesday Blitz March 28 Late 2023"]
[White "Sochacki, Christophe"]
[Black "Martin Barcelo, Carles"]
[WhiteFideId "662569"]
[BlackFideId "24561444"]
[WhiteElo "2474"]
[BlackElo "2089"]
[Result "1-0"]
[Round "08"]
[TimeControl "180+2"]
[Date "2023.03.28"]
[WhiteClock "0:00:09"]
[BlackClock "0:00:01"]

1. d4 Nf6 2. Bg5 e6 3. e4 h6 4. Bxf6 Qxf6 5. Nf3 d6 6. Bd3 g5 7. c3 Bg7 8. h4 Nc6 9. hxg5 hxg5 10. Rxh8+ Bxh8 11. Nbd2 Bd7 12. Qb3 O-O-O 13. g4 Bg7 14. O-O-O Rh8 15. d5 Ne5 16. Nxe5 Qxe5 17. Qc4 exd5 18. exd5 Rh3 19. Ne4 Qf4+ 20. Kb1 Bxg4 21. Nxd6+ Kb8 22. Qxf4 gxf4 23. Rg1 cxd6 24. Rxg4 Be5 25. Be4 Rh2 26. f3 Rh8 27. Kc2 Kc7 28. Rg2 a5 29. a4 Kb6 30. Kd3 Kc5 31. Rg1 Rh2 32. Rb1 Kb6 33. b4 Ra2 34. bxa5+ Kxa5 35. Rxb7 Rxa4 36. Rxf7 Kb6 37. Rf8 Ra3 38. Rc8 Ra2 39. Bf5 Rf2 40. Bg4 Rf1 41. c4 Rc1 42. Ke4 Rc3 43. Kf5 Re3 44. Ke6 Rc3 45. Kd7 Ka5 46. c5 dxc5 47. Ke6 Re3 48. Rxc5+ Kb4 49. Rc6 Bb8+ 50. Kd7 Kb5 51. d6 Rd3 52. Bf5 Rxf3 53. Rc8 1-0


[Site "https://www.chess.com"]

[Event "Titled Tuesday Blitz March 28 Late 2023"]
[White "Rastbod, Ali"]
[Black "Gerbelli Neto, Eduardo"]
[WhiteFideId "12567477"]
[BlackFideId "2103281"]
[WhiteElo "2211"]
[BlackElo "2178"]
[Result "0-1"]
[Round "08"]
[TimeControl "180+2"]
[Date "2023.03.28"]
[WhiteClock "0:00:03"]
[BlackClock "0:00:59"]

1. e4 e5 2. Nf3 Nc6 3. Bc4 Nf6 4. d3 Bc5 5. c3 d6 6. Bb3 a5 7. Nbd2 O-O 8. h3 h6 9. O-O Be6 10. Re1 b5 11. Nf1 Ne7 12. d4 exd4 13. cxd4 Bb4 14. Bd2 d5 15. Bxb4 axb4 16. e5 Ne4 17. Ne3 Ng6 18. Nd2 Nxd2 19. Qxd2 Nf4 20. g3 Nxh3+ 21. Kg2 Qg5 22. Nf1 Qh5 23. f4 g5 24. Nh2 gxf4 25. gxf4 Kh8 26. Kh1 Rg8 27. Rg1 Bf5 28. Rg2 Be4 0-1


[Site "https://www.chess.com"]

[Event "Titled Tuesday Blitz March 28 Late 2023"]
[White "Adan Bermudez, Sergio"]
[Black "Castella Garcia, Fausto"]
[WhiteFideId "2292726"]
[BlackFideId "3501922"]
[WhiteElo "2292"]
[BlackElo "2245"]
[Result "1-0"]
[Round "08"]
[TimeControl "180+2"]
[Date "2023.03.28"]
[WhiteClock "0:00:49"]
[BlackClock "0:00:07"]

1. c4 c5 2. Nc3 g6 3. g3 Bg7 4. Bg2 Nf6 5. a3 O-O 6. b4 d6 7. Rb1 Nc6 8. d3 cxb4 9. axb4 a5 10. bxa5 Qxa5 11. Bd2 Ng4 12. Nd5 Qc5 13. Nh3 e6 14. Nb6 Rb8 15. O-O Qh5 16. e3 Nce5 17. d4 Nd7 18. Nxc8 Rfxc8 19. Qe2 e5 20. Rb5 f5 21. f3 Ngf6 22. Nf2 exd4 23. exd4 Re8 24. Qd3 Bh6 25. Bxh6 Qxh6 26. f4 Nf8 27. Rfb1 Re7 28. Rxb7 Rbxb7 29. Rxb7 Rxb7 30. Bxb7 g5 31. Qxf5 gxf4 32. Qxf4 Qxf4 33. gxf4 Nh5 34. Nd3 Ne6 35. Bd5 Kf7 36. f5 1-0


[Site "https://www.chess.com"]

[Event "Titled Tuesday Blitz March 28 Late 2023"]
[White "Grebeniuk, Semen"]
[Black "Onslow, Alfie"]
[WhiteFideId "14117509"]
[BlackFideId "436976"]
[WhiteElo "2266"]
[BlackElo "2114"]
[Result "1-0"]
[Round "08"]
[TimeControl "180+2"]
[Date "2023.03.28"]
[WhiteClock "0:00:07"]
[BlackClock "0:00:01"]

1. d4 Nf6 2. Nf3 c5 3. e3 cxd4 4. exd4 d5 5. Bd3 Nc6 6. h3 g6 7. c3 Bg7 8. O-O O-O 9. Re1 Bf5 10. Bf1 a6 11. a4 Qc7 12. Nbd2 Ne4 13. Nb3 b6 14. Be3 Nd6 15. Bf4 Qd7 16. Ne5 Nxe5 17. dxe5 Nc4 18. Bxc4 dxc4 19. Nd4 Rfd8 20. Qf3 Be6 21. Qc6 Qxc6 22. Nxc6 Rd7 23. Red1 Rc7 24. Nd4 Bd5 25. f3 e6 26. Kf2 h6 27. h4 Rc5 28. Nc2 a5 29. Be3 Rc6 30. Nd4 Rcc8 31. f4 Bf8 32. Nb5 Rab8 33. g4 Be7 34. Kg3 Rd8 35. Rd2 Be4 36. Nd6 Bxd6 37. exd6 Bd5 38. Bd4 Rb7 39. Be5 f6 40. Bxf6 Rxd6 41. h5 gxh5 42. gxh5 Rf7 43. Be5 Rdd7 44. Kh4 Kh7 45. Rg1 Rf5 46. Rg3 Rdf7 47. Rg6 Rf8 48. Rg3 Rg8 49. Rxg8 Kxg8 50. Rd1 Kf7 51. Rg1 Ke8 52. Rg7 Rf7 53. Rg6 Rd7 54. Rxh6 1-0


[Site "https://www.chess.com"]

[Event "Titled Tuesday Blitz March 28 Late 2023"]
[White "Janaszak, Dawid"]
[Black "Bogaudinov, Rushan"]
[WhiteFideId "1119206"]
[BlackFideId "4129288"]
[WhiteElo "2220"]
[BlackElo "1949"]
[Result "1-0"]
[Round "08"]
[TimeControl "180+2"]
[Date "2023.03.28"]
[WhiteClock "0:00:28"]
[BlackClock "0:00:32"]

1. e4 c5 2. Nc3 Nc6 3. Bb5 Qc7 4. Nf3 a6 5. Bxc6 Qxc6 6. d4 cxd4 7. Nxd4 Qc7 8. Nd5 Qd8 9. Be3 e6 10. Nc3 Bb4 11. O-O Ne7 12. e5 d6 13. exd6 Bxd6 14. Ne4 Bc7 15. Qh5 Qd5 16. Qf3 O-O 17. c4 Qd7 18. Rad1 Ng6 19. Nf5 exf5 20. Rxd7 fxe4 21. Qd1 Bxd7 22. Qxd7 Rac8 23. Qd5 Be5 24. Qxb7 Rb8 25. Qxa6 Rxb2 26. c5 f5 27. c6 f4 28. Bc5 Rfb8 29. Ba7 Re8 30. c7 Rc2 31. Qa4 1-0


[Site "https://www.chess.com"]

[Event "Titled Tuesday Blitz March 28 Late 2023"]
[White "Rose, Felix"]
[Black "Bilan, Danila"]
[WhiteFideId "5105722"]
[BlackFideId "24161918"]
[WhiteElo "2039"]
[BlackElo "2182"]
[Result "0-1"]
[Round "08"]
[TimeControl "180+2"]
[Date "2023.03.28"]
[WhiteClock "0:00:09"]
[BlackClock "0:00:28"]

1. e4 c6 2. d4 d5 3. e5 c5 4. dxc5 Nc6 5. a3 Nxe5 6. b4 Nf6 7. Bb2 Nc6 8. Nf3 g6 9. Nbd2 Bg7 10. c4 O-O 11. cxd5 Nxd5 12. Bxg7 Kxg7 13. Bc4 Nf4 14. Qb3 Nxg2+ 15. Kf1 Nf4 16. Rd1 Bh3+ 17. Ke1 Nd4 18. Nxd4 Qxd4 19. f3 Rad8 20. Ne4 Qe5 21. Kf2 Qh5 22. Rxd8 Rxd8 23. Bxf7 Qh4+ 24. Ke3 Rd3+ 25. Qxd3 Nxd3 26. Bd5 Qf4+ 27. Kxd3 Qxf3+ 28. Kd4 Qxh1 29. Bxb7 Qxh2 30. c6 Bg2 31. Nc5 Qd6+ 32. Kc4 Bxc6 33. Bxc6 Qxc6 34. b5 Qd6 35. a4 h5 36. a5 h4 37. Ne4 Qc7+ 38. Kb4 Qf4 39. b6 axb6 40. Kb5 Qxe4 41. a6 Qa8 42. Kxb6 h3 43. a7 h2 44. Kc7 h1=Q 45. Kd7 Qhc6+ 46. Kxe7 Qae8# 0-1


[Site "https://www.chess.com"]

[Event "Titled Tuesday Blitz March 28 Late 2023"]
[White "Mendez Fortes, Eduardo Jesus"]
[Black "Oro, Faustino"]
[WhiteFideId "3502376"]
[BlackFideId "20000197"]
[WhiteElo "2307"]
[BlackElo "1984"]
[Result "1-0"]
[Round "08"]
[TimeControl "180+2"]
[Date "2023.03.28"]
[WhiteClock "0:01:02"]
[BlackClock "0:00:03"]

1. e4 e5 2. Nf3 Nc6 3. Bb5 Nf6 4. O-O Be7 5. Re1 d6 6. c3 O-O 7. d4 exd4 8. cxd4 Bg4 9. Bxc6 bxc6 10. h3 Bh5 11. Nc3 Re8 12. Qd3 Nd7 13. Bf4 c5 14. Rac1 cxd4 15. Nxd4 Nc5 16. Qd2 Qd7 17. Nd5 Bf8 18. f3 a5 19. Nf5 Ne6 20. Be3 Reb8 21. b3 Rb7 22. Qc3 c5 23. Red1 Qb5 24. Ng3 Bg6 25. f4 h5 26. f5 h4 27. Nf1 Bh5 28. fxe6 fxe6 29. Nf4 Bxd1 30. Rxd1 Re8 31. Nh2 Rf7 32. Nf3 e5 33. Nd5 Qe2 34. Qd2 Qb5 35. Ng5 Rb7 36. Qf2 Qd7 37. Qxh4 1-0


[Site "https://www.chess.com"]

[Event "Titled Tuesday Blitz March 28 Late 2023"]
[White "Levine, Joseph"]
[Black "Sanchez Alvares, Kelvin Antonio"]
[WhiteFideId "30940346"]
[BlackFideId "3906680"]
[WhiteElo "2351"]
[BlackElo "2217"]
[Result "1-0"]
[Round "08"]
[TimeControl "180+2"]
[Date "2023.03.28"]
[WhiteClock "0:00:03"]
[BlackClock "0:00:07"]

1. e4 e5 2. Nf3 Nc6 3. Bc4 Bc5 4. c3 Nf6 5. d3 d6 6. Nbd2 a5 7. h3 Be6 8. Bb3 O-O 9. O-O Qb8 10. Re1 Qa7 11. Qe2 a4 12. Bc2 Rfe8 13. Nf1 d5 14. Bg5 dxe4 15. dxe4 Nd7 16. Rad1 Nf8 17. Ne3 Bxa2 18. Nd5 Bxd5 19. exd5 Ne7 20. Qxe5 Bxf2+ 21. Kh1 f6 22. Qxc7 Bxe1 23. Rxe1 Neg6 24. Rxe8 Rxe8 25. Bxg6 hxg6 26. Bf4 Qf2 27. Bg3 Qf1+ 28. Kh2 Re2 29. Ne1 Rxe1 30. Bxe1 Qxe1 31. Qxb7 Qe5+ 32. Kg1 Qe3+ 33. Kh2 Qf4+ 34. Kg1 Qc1+ 35. Kh2 a3 36. bxa3 Qxc3 37. a4 Qe5+ 38. Kg1 Qd4+ 39. Kh2 Qxa4 40. Qe7 Qf4+ 41. Kh1 Qe5 42. d6 Qe6 43. Kh2 Qe5+ 44. Kh1 Ne6 45. d7 Qd5 46. Qxe6+ Qxe6 47. d8=Q+ Kh7 48. Qd3 Qf5 49. Qg3 Qb1+ 50. Kh2 Qe4 51. Qf2 g5 52. Kg1 1-0


[Site "https://www.chess.com"]

[Event "Titled Tuesday Blitz March 28 Late 2023"]
[White "Skvortsov, Andrei"]
[Black "Hajiyev, Kanan"]
[WhiteFideId "24108600"]
[BlackFideId "13404148"]
[WhiteElo "2259"]
[BlackElo "2103"]
[Result "1/2-1/2"]
[Round "08"]
[TimeControl "180+2"]
[Date "2023.03.28"]
[WhiteClock "0:00:18"]
[BlackClock "0:00:18"]

1. e4 c6 2. e5 d5 3. exd6 exd6 4. d4 Nf6 5. Nf3 Bg4 6. Bd3 d5 7. O-O Be7 8. h3 Bh5 9. Re1 O-O 10. Bg5 Re8 11. c3 Nbd7 12. Nbd2 Bg6 13. Bf1 Ne4 14. Bxe7 Rxe7 15. Nxe4 Bxe4 16. Nd2 Bg6 17. Qb3 Nf6 18. Qa3 Ne4 19. f3 Nd6 20. Qb3 h5 21. Re5 f6 22. Rxe7 Qxe7 23. Qd1 Qe3+ 24. Kh1 Re8 25. Nb3 Nf5 26. Qd2 Ng3+ 27. Kh2 Nxf1+ 28. Rxf1 Qxd2 29. Nxd2 Re2 30. Nb3 Rxb2 31. Re1 Kf7 32. Nc5 b6 33. Nb7 Rxa2 34. Nd8+ Kf8 35. Nxc6 Be8 36. Nb4 Ra5 37. Kg3 Rb5 38. Nd3 g5 39. h4 Rb3 40. hxg5 fxg5 41. Nb4 Rxc3 42. Nxd5 Rd3 43. Nc7 Bf7 44. Re5 g4 45. d5 gxf3 46. gxf3 h4+ 47. Kg4 h3 48. Kxh3 Rxf3+ 49. Kg4 Rc3 50. d6 Rd3 51. Nb5 a6 52. Nc7 Rxd6 53. Nxa6 Rd4+ 54. Kf5 Rd5 55. Rxd5 Bxd5 56. Ke5 Bc4 57. Nb4 Ke7 58. Kd4 Bg8 59. Nd5+ Bxd5 60. Kxd5 Kd7 61. Kc4 Kc6 62. Kb4 Kb7 63. Kb5 Kc7 64. Kb4 Kb8 65. Kb5 Ka7 66. Kb4 Ka6 67. Ka4 b5+ 68. Kb4 Kb6 69. Kb3 Kc6 70. Kb4 Kb6 71. Kb3 Ka5 72. Ka3 Ka6 73. Kb4 Kb6 1/2-1/2


[Site "https://www.chess.com"]